 Dungeon Crawl Stone Soup version 0.31-a0-700-gf13585253f (webtiles) character file.

Game seed: 13066700682469625226

79 qw the Shooter (level 4, -5/27 HPs)
             Began as a Gargoyle Hunter on Sept 7, 2023.
             Killed by nerve-wracking pain
             ... invoked by an orc priest
              (7 damage)
             ... on level 3 of the Dungeon.
             The game lasted 00:00:32 (1502 turns).

qw the Shooter (Gargoyle Hunter)                    Turns: 1502, Time: 00:00:32

Health: -5/27      AC: 12    Str: 14    XL:     4   Next: 38%
Magic:  4/4        EV: 11    Int: 10    God:
Gold:   98         SH:  0    Dex: 15    Spells: 3/3 levels left

rFire   . . .        j - +4 sling "Newtbane" {flame, rC+}
rCold   + . .        (no shield)
rNeg    + . .        g - +0 ring mail
rPois   inf          (no helmet)
rElec   +            (no cloak)
rCorr   .            f - +2 pair of gloves
SInv    .            (no boots)
Will    .....        (no amulet)
Stlth   +            (no ring)
HPRegen 0.24/turn    (no ring)
MPRegen 0.09/turn

%: no passive effects
@: no status effects
A: sickness immunity, AC +3, negative energy resistance 1, electricity
resistance, torment resistance 1, petrification resistance
a: no special abilities


You were on level 3 of the Dungeon.
You visited 1 branch of the dungeon, and saw 3 of its levels.

You collected 98 gold pieces.


Innate Abilities, Weirdness & Mutations

You are immune to sickness and miasma.
Your stone body is resilient. (AC +3)
You are immune to poison.
You resist negative energy. (rN+)
You are resistant to electric shocks. (rElec)
You are resistant to unholy torment.
You are immune to petrification.


   Skills:
 + Level 2.8 Fighting
 - Level 5.0 Ranged Weapons
 - Level 2.1 Armour
 - Level 1.5 Dodging
 - Level 1.1 Stealth


You had 3 spell levels left.
You didn't know any spells.
Your spell library was empty.

Inventory:

Hand Weapons
 j - the +4 sling "Newtbane" (weapon) {flame, rC+}
   (You found it on level 2 of the Dungeon)

   rC+:       It protects you from cold.
Armour
 f - a +2 pair of gloves (worn)
 g - a +0 ring mail (worn)
Scrolls
 Y - a scroll of identify
Potions
 d - a potion of resistance {unknown}
 e - a potion of brilliance {unknown}
 k - a potion of berserk rage {unknown}

Dungeon Overview and Level Annotations

Branches:
Dungeon (3/15)

Altars:


Message History

The orc priest hits you with a +0 mace of protection!
1493 ||| READING scroll of teleportation.
As you read the scroll of teleportation, it crumbles to dust.
You feel strangely unstable.
The orc priest hits you but does no damage.
1494 ||| DRINKING potion of heal wounds.
You feel much better.
The orc priest begins to cast a cantrip, but forgets the words!
You shoot a sling bullet. The sling bullet hits the orc priest!
The sling bullet burns the orc priest.
The orc priest is severely wounded.
Your surroundings suddenly seem different.
A rat and a kobold come into view.
The kobold shouts!
You shoot a sling bullet. The sling bullet hits the kobold.
The sling bullet burns the kobold.
You kill the kobold!
You hear a splash.
A frilled lizard comes into view.
You shoot a sling bullet. The sling bullet barely misses the rat.
The frilled lizard hisses angrily.
You shoot a sling bullet. The sling bullet hits the rat.
The sling bullet burns the rat.
You kill the rat!
You shoot a sling bullet.
The sling bullet closely misses the frilled lizard.
The orc priest calls down the wrath of Beogh upon you.
Beogh smites you!
You shoot a sling bullet.
The sling bullet closely misses the frilled lizard.
The orc priest calls down the wrath of Beogh upon you.
Beogh smites you!
You shoot a sling bullet.
The sling bullet closely misses the frilled lizard.
You shoot a sling bullet.
The sling bullet closely misses the frilled lizard.
The frilled lizard bites you but does no damage.
The orc priest mumbles some strange prayers to Beogh against you.
Pain shoots through your body!
You die...

...## ### #...### #..
#.#... .. #.#.. . ####.#
#.#.#
..####....######.#.#####
................<.).)...
....%......o......o.....
......l@................
~~.~)~.~~~~~~~~~~~~.~)..
~~~~~~~~~~~~~~~~~~~~....
~~~~~~~~~~~~~~~~~~~~....
~~~~~~~~~~~~~~~~~~~~~...
######################++


You could see an orc priest and a frilled lizard.

Vanquished Creatures
  An orc priest (D:3)
  3 dart slugs
  2 orcs (D:3)
  7 ball pythons
  5 bats
  3 endoplasms
  4 goblins
  4 hobgoblins
  3 kobolds
  2 quokkas
  2 frilled lizards
  3 rats
39 creatures vanquished.

Notes
Turn   | Place    | Note
-------+----------+-------------------------------------------
     0 | D:1      | qw the Gargoyle Hunter began the quest for the Orb.
     0 | D:1      | Reached XP level 1. HP: 12/12 MP: 1/1
     0 | D:1      | 0 ||| qw: Version: 0.3-a-76-g4403597
     0 | D:1      | 0 ||| qw: Game counter: 567
     0 | D:1      | 0 ||| qw: Melee chars always use a shield: true
     0 | D:1      | 0 ||| qw: God list: Okawaru
     0 | D:1      | 0 ||| qw: Allow faded altars: false
     0 | D:1      | 0 ||| qw: Do Orc after clearing Dungeon:15 true
     0 | D:1      | 0 ||| qw: Do second Lair branch before Depths: true
     0 | D:1      | 0 ||| qw: Lair rune preference: random
     0 | D:1      | 0 ||| qw: Goals: Normal
     0 | D:1      | 0 ||| PLANNING D:1-11
    99 | D:1      | Reached XP level 2. HP: 13/17 MP: 2/2
   792 | D:1      | 792 ||| UPGRADING to +2 pair of gloves.
   797 | D:1      | 797 ||| READING scroll labelled LEBLUTOCOP.
   798 | D:1      | 798 ||| READING scroll labelled LOT WEB UST.
   799 | D:1      | 799 ||| READING scroll labelled ROUKLI CYOQONU.
   803 | D:1      | 803 ||| DROPPING scroll of butterflies.
   898 | D:2      | Reached XP level 3. HP: 21/21 MP: 3/3
   961 | D:2      | Reached skill level 5 in Ranged Weapons
  1271 | D:2      | Found a faded altar of an unknown god.
  1315 | D:2      | Identified the +4 sling "Newtbane" {flame, rC+}
  1317 | D:2      | 1317 ||| SWAPPING to +4 sling "Newtbane" {flame, rC+}.
  1318 | D:2      | 1318 ||| DROPPING +0 shortbow.
  1430 | D:2      | 1430 ||| UPGRADING to +0 ring mail.
  1440 | D:2      | 1440 ||| DROPPING +0 leather armour.
  1441 | D:2      | 1441 ||| READING scroll labelled MIONGI BUNUKOM.
  1442 | D:2      | 1442 ||| READING 2 scrolls labelled PUFARAU SUSAL.
  1443 | D:2      | 1443 ||| DRINKING 2 metallic green potions.
  1482 | D:3      | Reached XP level 4. HP: 27/27 MP: 4/4
  1492 | D:3      | HP: 4/27 [orc priest/+0 mace of protection (7)]
  1493 | D:3      | 1493 ||| READING scroll of teleportation.
  1494 | D:3      | 1494 ||| DRINKING potion of heal wounds.
  1500 | D:3      | HP: 2/27 [orc priest/divine providence (13)]
  1502 | D:3      | Killed from afar by an orc priest

Levels and vault maps discovered:
D:1:      dreamdust_arrival_sigmund_warning, layout_basic
D:2:      layout_loops_ring, ebering_ecumenical_altar_rust
D:3:      minmay_goblin_kobold_castle, layout_rooms,
          nicolae_overflow_two_pavilions

Skill      XL: |  1  2  3 |
---------------+----------+-----
Ranged Weapons | 5 |  5.0
Armour         | 2 |  2.1
Fighting       | |  2.8
Dodging        | |  1.5
Stealth        | |  1.1

Action                     |  1- 3 |  4- 6 || total
---------------------------+-------+-------++-------
   Fire: Shortbow          |    96 |       ||    96
         Sling             |    10 |    19 ||    29
    Use: Scroll            |     5 |     1 ||     6
         Potion            |     1 |     1 ||     2
 Armour: Leather armour    |    20 |       ||    20
         Ring mail         |     1 |    10 ||    11
  Dodge: Dodged            |    29 |     6 ||    35

Table legend:
 A = Non-vault XP
 B = Vault XP
 C = Vault XP percentage of total XP
 D = Non-vault monster count
 E = Vault monster count
 F = Vault count percentage of total count
                 A         B        C        D         E       F
            +---------+---------+-------+---------+---------+-------
      Total |     112 |       2 |   1.8 |      38 |       1 |   2.6
            +---------+---------+-------+---------+---------+-------
        D:1 |      32 |       0 |   0.0 |      18 |       0 |   0.0
        D:2 |      24 |       0 |   0.0 |      11 |       0 |   0.0
        D:3 |      56 |       2 |   3.4 |       9 |       1 |  10.0
            +---------+---------+-------+---------+---------+-------
